 Dungeon Crawl Stone Soup version 0.21.1-1-g345015fe64 (webtiles) character file.

1801 Oravi the Transmogrifier (level 9, -2/61 HPs)
             Began as a Merfolk Transmuter on Apr 26, 2018.
             Was a Follower of Qazlal.
             Hit by a stone thrown by an orc warrior (15 damage)
             ... on level 6 of the Dungeon.
             The game lasted 00:32:31 (7244 turns).

Oravi the Transmogrifier (Merfolk Transmuter)       Turns: 7244, Time: 00:32:33

Health: -2/61      AC:  2    Str: 10    XL:     9   Next: 9%
Magic:  12/12      EV: 25    Int: 15    God:    Qazlal [*.....]
Gold:   306        SH:  1    Dex: 20    Spells: 3/12 levels left

rFire    . . .     SeeInvis .     - Unarmed
rCold    . . .     Gourm    .   (shield currently unavailable)
rNeg     . . .     Faith    .   (armour currently unavailable)
rPois    x         Spirit   .   (helmet currently unavailable)
rElec    .         Reflect  .   (cloak currently unavailable)
rCorr    .         Harm     .   (gloves currently unavailable)
MR       .....                  (boots currently unavailable)
Stlth    ++........             (no amulet)
HPRegen  0.20/turn              j - ring of wizardry
MPRegen  0.13/turn              (no ring)

@: about to teleport, spider-form (expiring)
A: tiny, (change form in water), (swift swim), (stealthy swim)
a: End Transformation, Renounce Religion


You were on level 6 of the Dungeon.
You worshipped Qazlal.
Qazlal was aware of your devotion.
You were near starving.
You were a venomous arachnid creature.
You visited 2 branches of the dungeon, and saw 7 of its levels.
You also visited: Sewer and Ossuary.

You collected 306 gold pieces.

Inventory:

Missiles
 a - 121 arrows (quivered)
Armour
 b - a +1 robe (melded)
 p - a +1 ring mail of poison resistance
Jewellery
 j - a ring of wizardry (left front leg)
Wands
 l - a wand of random effects (49)
 n - a wand of disintegration (12)
 v - a wand of paralysis (11)
Scrolls
 e - a scroll of enchant weapon
 i - 2 scrolls of teleportation
 k - 3 scrolls of remove curse
 o - a scroll of amnesia
 s - 2 scrolls of enchant armour
 y - a scroll of blinking {unknown}
 z - 3 scrolls of identify
Potions
 f - 2 potions of ambrosia
 g - 5 potions of flight {unknown}
 h - 3 potions of curing
 m - a potion of agility
 r - a potion of haste {unknown}
 t - 2 potions of heal wounds
 u - 2 potions of brilliance {unknown}
 w - 2 potions of lignification {unknown}
 x - 5 potions of degeneration {unknown}
 A - a potion of might
Books
 c - a book of Changes

   Spells                             Type                      Level
   a - Beastly Appendage              Transmutation                1
   b - Sticks to Snakes               Transmutation                2
   c - Spider Form                    Transmutation/Poison         3
   d - Ice Form                       Ice/Transmutation            4
   e - Blade Hands                    Transmutation                5
 q - a book of Debilitation

   Spells                             Type                      Level
   a - Corona                         Hexes                        1
   b - Slow                           Hexes                        2
   c - Inner Flame                    Hexes/Fire                   3
   d - Portal Projectile              Hexes/Translocation          3
   e - Cause Fear                     Hexes                        4
   f - Leda's Liquefaction            Hexes/Earth                  4
Comestibles
 d - 4 rations


   Skills:
 + Level 2.1 Fighting
 + Level 5.6 Dodging
 + Level 8.1 Unarmed Combat
 - Level 2.0 Spellcasting
 * Level 8.7 Transmutations
 * Level 3.0 Ice Magic
 - Level 3.0 Poison Magic
 * Level 2.2 Invocations
 - Level 1.1 Evocations


You had 3 spell levels left.
You knew the following spells:

 Your Spells              Type           Power        Failure   Level  Hunger
b - Sticks to Snakes      Tmut           ####....     1%          2    ###....
c - Spider Form           Tmut/Pois      ###.......   7%          3    ###....
d - Ice Form              Ice/Tmut       ###.....     17%         4    #####..


Dungeon Overview and Level Annotations

Branches:
Dungeon (6/15)             Temple (1/1) D:5

Altars:
Ashenzari
Cheibriados
Elyvilon
Fedhas
Gozag
Hepliaklqana
Kikubaaqudgha
Makhleb
Nemelex Xobeh
Okawaru
Qazlal
Ru
Sif Muna
Uskayaw
Vehumet
Wu Jian
Xom
Yredelemnul
The Shining One

Annotations:
D:3 Knicklaso's ghost, amateur HOFi


Message History

The orc warrior is lightly wounded.
The orc warrior hits you with a dire flail!!
* * * LOW HITPOINT WARNING * * *
You feel much better. The orc misses you.
The orc warrior completely misses you.
You closely miss the orc warrior.
The orc warrior is moderately wounded.
The orc priest mumbles some strange prayers to Beogh against you.
Beogh smites you! The orc completely misses you.
The orc warrior hits you with a dire flail!
* * * LOW HITPOINT WARNING * * *
You feel much better. The orc completely misses you.
The orc warrior closely misses you.
As you read the scroll of teleportation, it crumbles to dust.
You feel strangely unstable.
The orc hits you from afar with a trident!
The orc warrior hits you with a dire flail!!
* * * LOW HITPOINT WARNING * * *
The orc warrior throws a stone.
The stone hits you!
You die...

#.# #.# #.# # #.#
#.########o# #.# # #.#
#.#.......o#########.#
#.#
#.#.###..((..o..)..o.#
#.# #.#.#
#(##########...# #.#
#.#.# #o# ..# #.#
#.#.# #o# (.o.# #.#
#.#.###o###### ...
#.###........s(..# ##
#.#..........###.#
#.#.#.....#.(# #
#.#.#.....#..#
#..............
###.#.....##.##.
#.#......... .
#.########..# #.#


You could see an orc warrior.

Vanquished Creatures
  4 phantoms
  2 sky beasts
  A centaur (D:5)
  An ogre (D:5)
  2 bullfrogs (Sewer)
  A scorpion (D:5)
  A water moccasin skeleton (D:5)
  2 crimson imps
  A centaur zombie (D:5)
  A bullfrog zombie (D:6)
  A hound (D:4)
  3 orc priests
  A bullfrog skeleton (D:5)
  4 orc wizards
  Jessica (D:3)
  Natasha (thrice) (D:3)
  An iguana (D:4)
  4 worker ants
  2 big kobold zombies (Ossuary)
  3 mummies (Ossuary)
  10 adders
  2 adder skeletons
  3 worms
  3 leopard geckos
  14 orcs
  3 ball pythons
  6 giant cockroaches
  7 goblins
  6 hobgoblins
  6 jackals
  4 kobolds
  3 quokkas
  2 bats
  10 frilled lizards
  A gnoll zombie (Ossuary)
  A goblin zombie (Ossuary)
  A hobgoblin zombie (Ossuary)
  2 kobold zombies (Ossuary)
  A leopard gecko skeleton (D:5)
  An orc zombie (Ossuary)
  8 rats
133 creatures vanquished.

Vanquished Creatures (collateral kills)
  3 orcs (D:5)
  A goblin (D:3)
4 creatures vanquished.

Grand Total: 137 creatures vanquished

Notes
Turn   | Place    | Note
-------+----------+-------------------------------------------
     0 | D:1      | Oravi the Merfolk Transmuter began the quest for the Orb.
     0 | D:1      | Reached XP level 1. HP: 15/15 MP: 3/3
   238 | D:1      | Reached XP level 2. HP: 21/21 MP: 1/5
  1923 | D:2      | Reached XP level 3. HP: 24/26 MP: 3/6
  1927 | D:2      | Learned a level 2 spell: Sticks to Snakes
  1931 | D:2      | Learned a level 3 spell: Spider Form
  2358 | D:3      | Found an ornate altar of the Wu Jian Council.
  2393 | D:3      | Noticed Jessica
  2402 | D:3      | Killed Jessica
  2405 | D:3      | Noticed Natasha
  2413 | D:3      | Killed Natasha
  2413 | D:3      | Reached XP level 4. HP: 27/32 MP: 1/7
  2471 | D:3      | Found a glowing drain.
  2476 | D:3      | Noticed Knicklaso's ghost (amateur HOFi)
  2485 | Sewer    | Entered a sewer
  2856 | Sewer    | Reached XP level 5. HP: 37/37 MP: 4/8
  2881 | Sewer    | Reached skill level 5 in Transmutations
  2881 | Sewer    | Reached skill level 1 in Poison Magic
  2883 | Sewer    | Reached skill level 5 in Unarmed Combat
  2883 | Sewer    | Reached XP level 6. HP: 24/43 MP: 1/9
  3657 | D:3      | Noticed a phantom
  3706 | D:3      | Found a faded altar of an unknown god.
  3708 | D:3      | Killed a phantom
  3744 | D:3      | Noticed Natasha
  3753 | D:3      | Killed Natasha
  3804 | D:3      | Noticed Natasha
  3811 | D:3      | Killed Natasha
  3811 | D:3      | Reached XP level 7. HP: 29/49 MP: 3/10
  5195 | D:4      | Learned a level 4 spell: Ice Form
  5222 | D:5      | Entered Level 5 of the Dungeon
  5346 | D:4      | Reached skill level 1 in Ice Magic
  5460 | D:5      | Reached XP level 8. HP: 43/56 MP: 11/11
  5562 | D:5      | Reached skill level 5 in Dodging
  5723 | D:5      | Found a staircase to the Ecumenical Temple.
  5747 | Temple   | Entered the Ecumenical Temple
  5756 | Temple   | Became a worshipper of Qazlal Stormbringer
  6215 | D:6      | Reached skill level 1 in Invocations
  6369 | D:6      | Reached skill level 1 in Evocations
  6781 | D:6      | Found a sand-covered staircase.
  6786 | Ossuary  | Entered an ossuary
  6896 | Ossuary  | Reached XP level 9. HP: 61/61 MP: 10/12
  7129 | D:6      | Reached * piety under Qazlal
  7244 | D:6      | Hit by a stone thrown by an orc warrior

Skill      XL: |  1  2  3  4  5  6  7  8  9 |
---------------+----------------------------+-----
Transmutations | 3 4 5 6 7 8 |  8.7
Unarmed Combat | 4 5 6 7 8 |  8.1
Dodging        | 3 4 5 |  5.6
Poison Magic   | 1 2 3 |  3.0
Ice Magic      | 1 3 |  3.0
Fighting       | 2 |  2.1
Invocations    | 1 2 |  2.2
Evocations     | 1 |  1.1
Spellcasting   | |  2.0

Action                   |  1- 3 |  4- 6 |  7- 9 || total
-------------------------+-------+-------+-------++-------
Melee: Unarmed           |    88 |    97 |   273 ||   458
       Headbutt          |     8 |       |       ||     8
       Punch             |     1 |       |     1 ||     2
 Cast: Beastly Appendage |    17 |       |       ||    17
       Spider Form       |     4 |    22 |    36 ||    62
       Sticks to Snakes  |       |     2 |     6 ||     8
       Ice Form          |       |       |     2 ||     2
  Use: Scroll            |    10 |     3 |     4 ||    17
       Potion            |       |     2 |     3 ||     5
 Stab: Sleeping          |     3 |     1 |     2 ||     6
  Eat: Ration            |     1 |       |     2 ||     3
       Chunk             |     2 |     8 |     8 ||    18
Armor: Robe              |     6 |       |     2 ||     8
       Skin              |       |     2 |    15 ||    17
Dodge: Dodged            |    55 |    84 |   198 ||   337
Block: Other             |       |       |     1 ||     1
